 Dungeon Crawl Stone Soup version 0.25-a0-861-g340c9e8194 (webtiles) character file.

Game seed: 16788720039080534199, levelgen mode: classic

8995 EnegeticOcto the Fiendish (level 11, -7/106 HPs)
             Began as a Deep Dwarf Fighter on Apr 29, 2020.
             Was a Priest of Makhleb.
             Mangled by a white ugly thing (26 damage)
             ... on level 11 of the Dungeon.
             The game lasted 00:03:55 (4844 turns).

EnegeticOcto the Fiendish (Deep Dwarf Fighter)      Turns: 4844, Time: 00:03:56

Health: -7/106     AC: 11    Str: 25    XL:     11   Next: 17%
Magic:  9/9        EV:  9    Int: 10    God:    Makhleb [***...]
Gold:   572        SH:  0    Dex: 12    Spells: 10/10 levels left

rFire    . . .     SeeInvis .   c - +11 plutonium sword {*Contam Stlth-}
rCold    . . .     Gourm    .   (shield currently unavailable)
rNeg     . . .     Faith    .   y - +1 chain mail {rPois}
rPois    +         Spirit   .   (helmet restricted)
rElec    .         Reflect  .   (no cloak)
rCorr    .         Harm     .   (no gloves)
MR       +....                  (no boots)
Stlth    ..........             (no amulet)
HPRegen  0.00/turn              w - +3 ring of strength
MPRegen  0.11/turn              s - +5 ring of slaying

@: non-regenerating
A: damage resistance, heal wounds, horns 1, sense surroundings 2, wild magic 1,
evolution 1, no regeneration
a: Heal Wounds, Minor Destruction, Lesser Servant of Makhleb, Renounce Religion


You were on level 11 of the Dungeon.
You worshipped Makhleb.
Makhleb was most pleased with you.
You were not hungry.

You visited 2 branches of the dungeon, and saw 12 of its levels.
You also visited: Sewer.

You collected 572 gold pieces.

Inventory:

Hand Weapons
 a - a +1 war axe
 c - the +11 plutonium sword (weapon) {*Contam Stlth-}
   (You found it on level 9 of the Dungeon)

   It causes magical contamination when unequipped.
   It makes you less stealthy.
Armour
 y - a +1 chain mail of poison resistance (worn)
Jewellery
 f - an uncursed ring of protection from fire
 s - a +5 ring of slaying (right hand)
 w - a +3 ring of strength (left hand)
Wands
 g - a wand of acid (9) {@v1}
 n - a wand of flame (14) {@v3}
 p - a wand of digging (6) {@v2}
Scrolls
 b - 4 scrolls of identify {@r1}
 h - a scroll of magic mapping {unknown}
 j - 4 scrolls of teleportation {@r2}
 q - 4 scrolls of remove curse {@r6}
 v - a scroll of enchant armour
 A - a scroll of random uselessness {unknown}
 B - a scroll of enchant weapon
Potions
 d - a potion of degeneration
 i - 2 potions of mutation
 k - a potion of might {@q3}
 l - 2 potions of lignification {unknown}
 m - 2 potions of resistance {@q6}
 o - 3 potions of flight
 r - a potion of invisibility
 t - 2 potions of stabbing {unknown}
 x - a potion of heal wounds {unknown}
 z - 2 potions of ambrosia {unknown}
 C - a potion of curing {unknown}
Comestibles
 e - 8 rations
 u - 26 chunks of flesh


   Skills:
 * Level 9.0 Fighting
 * Level 3.3 Long Blades
 - Level 9.6 Axes
 + Level 7.8 Armour
 + Level 1.1 Dodging
   Level 7.3 Shields
 * Level 9.7 Invocations


You had 10 spell levels left.
You didn't know any spells.
Your spell library was empty.

Dungeon Overview and Level Annotations

Branches:
Dungeon (11/15)            Temple (1/1) D:5            Lair (0/6) D:8
  Sewer (visited)
    Orc: D:9-12

Altars:
Cheibriados
Dithmenos
Elyvilon
Gozag
Hepliaklqana
Kikubaaqudgha
Makhleb
Nemelex Xobeh
Okawaru
Qazlal
Ru
Sif Muna
Trog
Uskayaw
Vehumet
Wu Jian
Xom
Yredelemnul
Zin
The Shining One
Beogh

Annotations:
D:5 1 runed translucent door, bmj180's ghost, novice DrCj
D:8 2 transporters, emiel's ghost, novice MiWn


Innate Abilities, Weirdness & Mutations

You are resistant to damage.
You can heal yourself by infusing magical energy.
You passively map the area around you.
You do not regenerate.
You have a pair of small horns on your head.
Your spells are a little harder to cast, but a little more powerful.
You evolve.


Message History

You destroy the hound zombie!
Makhleb accepts your kill.
A quasit comes into view.
The quasit moves out of view.
No target in view!
No target in view!
No target in view!
No target in view!
No target in view!
No target in view!
No target in view!
No target in view!
No target in view!
A sky beast comes into view.
There are monsters nearby!
There are monsters nearby!
There are monsters nearby!
You slice the sky beast!!
You kill the sky beast!
Makhleb accepts your kill.
You feel better.
The quasit bites you but does no damage.
The quasit claws you but does no damage. x2
You slice the quasit!!
You kill the quasit!
Makhleb accepts your kill.
You feel better.
No target in view!
No target in view!
No target in view!
No target in view!
No target in view!
No target in view!
No target in view!
No target in view!
No target in view!
No target in view!
No target in view!
No target in view!
You see here a sky beast corpse.
An ogre comes into view. It is wielding a +0 giant club.
The ogre shouts!
You hear a horrible gurgling sound!
An ogre is nearby!
An ogre is nearby!
An ogre is nearby!
An ogre is nearby!
An ogre is nearby!
The ogre barely misses you.
You riposte.
You barely miss the ogre.
Your chain mail prevents you from hitting the ogre.
The ogre completely misses you.
You slash the ogre!
You headbutt the ogre, but do no damage.
The ogre is severely wounded.
The ogre hits you with a +0 giant club!
Your chain mail prevents you from hitting the ogre.
The ogre is severely wounded.
The ogre closely misses you.
You riposte.
You slash the ogre!
You kill the ogre!
Makhleb accepts your kill.
You feel better.
No target in view!
No target in view!
No target in view!
No target in view!
No target in view!
No target in view!
No target in view!
Things that are here:
a +0 giant club; an ogre corpse You butcher the ogre corpse.
u - 26 chunks of flesh (gained 4)
Things that are here:
a +0 giant club; an ogre skeleton
Things that are here:
a +0 giant club; an ogre skeleton A white ugly thing comes into view.
A white ugly thing is nearby!
Found 14 gold pieces.
You closely miss the white ugly thing. The white ugly thing trunk-slaps you.
The white ugly thing freezes you!!
You are too injured to fight recklessly!
You are too injured to fight recklessly!
You are too injured to fight recklessly!
You are too injured to fight recklessly!
You are too injured to fight recklessly!
You are too injured to fight recklessly!
You are too injured to fight recklessly!
A white ugly thing is nearby!
A white ugly thing is nearby!
A white ugly thing is nearby!
You feel much better. The white ugly thing trunk-slaps you.
The white ugly thing freezes you!!
You barely miss the white ugly thing. The white ugly thing trunk-slaps you.
* * * LOW HITPOINT WARNING * * *
The white ugly thing freezes you!
* * * LOW HITPOINT WARNING * * *
The white ugly thing trunk-slaps you.
* * * LOW HITPOINT WARNING * * *
The white ugly thing freezes you!!
You die...

* ..................
####..####†##....#.
#...............
#..#.##.........*
#..#.##.......#.*,
####..)............,,
#.....#.###......#. ,
#................# *
#...@#..##.#.......,
####u#..# .#.......
..#..# , ...... *,
*...#..#* ......
#...#... , ,
#...#..## , , ,
###$#.## * #.# ,, , ,
, * * , ,


You could see a white ugly thing.

Vanquished Creatures
  A two-headed ogre (D:9)
  Pikel (D:5)
  An ugly thing (D:10)
  3 trolls
  A hornet (D:11)
  A hippogriff (D:9)
  Sigmund (D:4)
  A wyvern (D:9)
  5 yaks (D:9)
  Eustachio (D:4)
  Grum (D:9)
  A hungry ghost (D:7)
  A water moccasin (D:6)
  A porcupine (D:8)
  4 orc warriors
  3 black bears
  4 slaves (D:5)
  4 sky beasts
  An ice beast (D:6)
  4 ogres
  2 phantoms
  4 wolves (D:9)
  5 centaurs
  2 crocodiles
  5 bullfrogs
  4 scorpions
  4 killer bees (D:10)
  A bullfrog zombie (D:9)
  5 crimson imps
  A centaur zombie (D:9)
  5 hounds
  A quasit (D:11)
  4 bullfrog skeletons
  9 orc priests
  A centaur skeleton (D:6)
  2 jellies
  11 orc wizards
  3 iguanas
  3 worker ants
  A hound zombie (D:11)
  2 hound skeletons
  9 adders
  2 river rats (D:6)
  2 shadow imps
  An ooze (D:5)
  3 adder skeletons
  A worm (D:5)
  2 dart slugs
  3 leopard geckos
  38 orcs
  A giant cockroach (D:5)
  3 goblins
  3 kobolds
  5 quokkas
  4 ball pythons (D:6)
  3 frilled lizards
  A jackal skeleton (D:4)
  A leopard gecko zombie (D:7)
  2 quokka skeletons
  5 rats
  2 fungi (D:8)
  A plant (D:8)
207 creatures vanquished.

Vanquished Creatures (others)
  2 orc warriors (D:11)
  2 orcs (D:11)
  5 plants (D:8)
9 creatures vanquished.

Grand Total: 216 creatures vanquished

Notes
Turn   | Place    | Note
-------+----------+-------------------------------------------
     0 | D:1      | EnegeticOcto the Deep Dwarf Fighter began the quest for the
                  | Orb.
     0 | D:1      | Reached XP level 1. HP: 20/20 MP: 1/1
   146 | D:2      | Reached XP level 2. HP: 25/28 MP: 2/2
   240 | D:3      | Reached XP level 3. HP: 24/34 MP: 3/3
   273 | D:4      | Noticed Eustachio
   289 | D:4      | Reached XP level 4. HP: 42/42 MP: 3/3
   293 | D:4      | Noticed an ogre
   306 | D:4      | Killed an ogre
   306 | D:4      | Reached XP level 5. HP: 43/50 MP: 4/4
   327 | D:4      | Killed Eustachio
   327 | D:4      | Reached XP level 6. HP: 24/57 MP: 4/4
   408 | D:4      | Noticed Sigmund
   452 | D:4      | Killed Sigmund
   452 | D:4      | Reached skill level 5 in Axes
   452 | D:4      | Reached XP level 7. HP: 62/66 MP: 3/3
   549 | D:4      | Found a basalt altar of Yredelemnul.
   549 | D:4      | Found an ornate altar of the Wu Jian Council.
   712 | D:4      | Found a hazy altar of Hepliaklqana.
   787 | D:5      | Entered Level 5 of the Dungeon
   812 | D:5      | Gained mutation: Your spells are a little harder to cast,
                  | but a little more powerful. [potion of mutation]
   812 | D:5      | Gained mutation: You evolve. [potion of mutation]
   812 | D:5      | Gained mutation: You have a pair of small horns on your
                  | head. [potion of mutation]
  1054 | D:5      | Found a runed translucent door.
  1119 | D:5      | Noticed bmj180's ghost (novice DrCj)
  1186 | D:5      | Found a staircase to the Ecumenical Temple.
  1193 | D:5      | Noticed Pikel
  1197 | D:5      | Reached skill level 5 in Fighting
  1226 | D:5      | Killed Pikel
  1226 | D:5      | Reached skill level 5 in Armour
  1226 | D:5      | Reached skill level 5 in Shields
  1226 | D:5      | Reached XP level 8. HP: 46/76 MP: 4/4
  1233 | Temple   | Entered the Ecumenical Temple
  1243 | Temple   | Became a worshipper of Makhleb the Destroyer
  1322 | D:5      | Reached skill level 1 in Invocations
  1936 | D:6      | Found a glowing golden altar of the Shining One.
  1977 | D:6      | Found a glowing drain.
  1985 | Sewer    | Entered a sewer
  2315 | D:7      | Reached * piety under Makhleb
  2359 | D:7      | Gained mutation: You passively map the area around you.
                  | [Deep Dwarf growth]
  2359 | D:7      | Reached XP level 9. HP: 76/85 MP: 6/6
  2700 | D:7      | Found a hide-covered altar of Uskayaw.
  2791 | D:8      | Found an iron altar of Okawaru.
  2818 | D:8      | Found a transporter.
  2826 | D:8      | Found a shimmering blue altar of Sif Muna.
  2847 | D:8      | Reached skill level 5 in Invocations
  2937 | D:8      | Found a transporter.
  2961 | D:8      | Noticed emiel's ghost (novice MiWn)
  3100 | D:8      | Found an ancient bone altar of Kikubaaqudgha.
  3317 | D:8      | Found a staircase to the Lair.
  3476 | D:8      | Identified the ring "Zelee" {+Fly rElec rF+++ MP-9 Dex+3}
  3659 | D:9      | Found a shadowy altar of Dithmenos.
  3669 | D:9      | Noticed Grum
  3676 | D:9      | Reached ** piety under Makhleb
  3687 | D:9      | Killed Grum
  3736 | D:9      | Reached XP level 10. HP: 84/96 MP: 9/9
  3976 | D:9      | Found the +11 plutonium sword {*Contam Stlth-}
  3976 | D:9      | Noticed a two-headed ogre
  3982 | D:9      | Killed a two-headed ogre
  4112 | D:9      | Reached skill level 1 in Long Blades
  4138 | D:10     | Entered Level 10 of the Dungeon
  4295 | D:10     | Reached *** piety under Makhleb
  4391 | D:10     | Noticed a purple ugly thing
  4398 | D:10     | Killed a purple ugly thing
  4416 | D:10     | Reached XP level 11. HP: 65/104 MP: 12/12
  4682 | D:11     | Found a roughly hewn altar of Beogh.
  4794 | D:11     | Reached skill level 1 in Dodging
  4839 | D:11     | Noticed a white ugly thing
  4844 | D:11     | Mangled by a white ugly thing

Levels and vault maps discovered:
D:1:      dpeg_arrival_short_road, layout_loops_cross
D:2:      layout_rooms, chequers_ecumenical_altar_simple_redux
D:3:      layout_basic
D:4:      layout_cave_pools, lemuel_round_altar,
          gammafunk_temple_overflow_elements, first_ration, uniq_sigmund,
          uniq_eustachio
D:5:      layout_basic, minmay_temple_entry_stoned_glass,
          hellmonk_ghost_happy_afterlife, dk_noncrumbling_4, uniq_pikel
D:6:      layout_rooms, nicolae_tso_carved_into_rock, portal_sewer_entry_e
D:7:      layout_loops_ring, nicolae_overflow_crystal_walls
D:8:      layout_cave_pods, marbit_many_paths, led_sif_pool,
          lemuel_crystal_altar, grunt_lair_entry_orc_guard_hut,
          gammafunk_ghost_gnarly_gnolls
D:9:      layout_basic, nicolae_dithmenos_shadow_blocks, uniq_grum
D:10:     layout_loops_cross
D:11:     layout_basic, special_room [special_room_orc]
Temple:   cyrus_circular_temple

Skill      XL: |  1  2  3  4  5  6  7  8  9 10 11 |
---------------+----------------------------------+-----
Fighting       | 3 4 5 6 7 8 9 |  9.0
Axes           | 3 4 5 6 7 8 9 |  9.6
Armour         | 4 5 6 7 |  7.8
Shields        | 4 5 6 7 |  7.3
Invocations    | 4 7 9 |  9.7
Long Blades    | 2 3 |  3.3
Dodging        | 1 |  1.1

Action                   |  1- 3 |  4- 6 |  7- 9 | 10-12 || total
-------------------------+-------+-------+-------+-------++-------
Melee: War axe           |    73 |    75 |   321 |    50 ||   519
       Headbutt          |       |       |    70 |    30 ||   100
       Triple sword      |       |       |       |   104 ||   104
 Abil: Heal Wounds       |     1 |     6 |     8 |     7 ||    22
  Use: Scroll            |       |       |     9 |       ||     9
       Potion            |       |       |     1 |       ||     1
  Eat: Chunk             |       |       |    10 |     4 ||    14
       Ration            |       |       |     3 |       ||     3
Armor: Chain mail        |    53 |   142 |   179 |   113 ||   487
       Scale mail        |     9 |       |       |       ||     9
Dodge: Dodged            |    22 |    50 |    74 |    90 ||   236
Block: Kite shield       |    48 |    76 |   236 |    40 ||   400
       Rpst.: Triple sword |       |       |       |    30 ||    30

Table legend:
 A = Non-vault XP
 B = Vault XP
 C = Vault XP percentage of total XP
 D = Non-vault monster count
 E = Vault monster count
 F = Vault count percentage of total count
                 A         B        C        D         E       F
            +---------+---------+-------+---------+---------+-------
      Total |    9774 |    3076 |  23.9 |     157 |      45 |  22.3
            +---------+---------+-------+---------+---------+-------
        D:1 |       2 |       0 |   0.0 |       1 |       0 |   0.0
        D:2 |      21 |       0 |   0.0 |       6 |       0 |   0.0
        D:3 |      18 |       0 |   0.0 |       8 |       0 |   0.0
        D:4 |     339 |     420 |  55.3 |      16 |       2 |  11.1
        D:5 |     368 |     641 |  63.5 |      17 |       1 |   5.6
        D:6 |     534 |      34 |   6.0 |      12 |       8 |  40.0
        D:7 |     917 |       0 |   0.0 |      19 |       0 |   0.0
        D:8 |     263 |     677 |  72.0 |       9 |       6 |  40.0
        D:9 |    4317 |     649 |  13.1 |      37 |       5 |  11.9
       D:10 |    2176 |       0 |   0.0 |      23 |       0 |   0.0
       D:11 |     819 |     655 |  44.4 |       9 |      23 |  71.9
            +---------+---------+-------+---------+---------+-------
